[Event "Early Titled Tuesday Blitz | February 8 2022"]
[White "Ezat, Mohamed"]
[Black "Goltseva, Ekaterina"]
[WhiteFideId "10600906"]
[BlackFideId "24173770"]
[WhiteElo "2386"]
[BlackElo "2140"]
[Result "1-0"]
[Round "06"]
[TimeControl "180+1"]
[Date "2022.02.08"]
[WhiteClock "0:01:10"]
[BlackClock "0:00:25"]

1. d4 Nf6 2. c4 e6 3. Nc3 Bb4 4. e3 c5 5. a3 Bxc3+ 6. bxc3 Nc6 7. Bd3 O-O 8. Ne2 b6 9. O-O Ba6 10. e4 Ne8 11. Ng3 Na5 12. f4 Bxc4 13. Bxc4 Nxc4 14. f5 f6 15. fxe6 dxe6 16. Qb3 Ned6 17. Bf4 Qe7 18. Nf5 Nxf5 19. exf5 Na5 20. Qxe6+ Rf7 21. d5 Rd8 22. d6 Qd7 23. Rad1 Nb7 24. Rfe1 Kf8 25. Qd5 Kg8 26. Re7 Nxd6 27. Qxf7+ Nxf7 28. Rdxd7 Rxd7 29. Re8# 1-0


[Site "https://www.chess.com"]

[Event "Early Titled Tuesday Blitz | February 8 2022"]
[White "Fawole, John Oyeyemi"]
[Black "Do Nascimento,Christian Almeida"]
[WhiteFideId "8501319"]
[BlackFideId "2143801"]
[WhiteElo "2091"]
[BlackElo "2108"]
[Result "0-1"]
[Round "06"]
[TimeControl "180+1"]
[Date "2022.02.08"]
[WhiteClock "0:00:02"]
[BlackClock "0:00:16"]

1. e4 c5 2. Nf3 g6 3. d4 cxd4 4. Nxd4 Bg7 5. Nc3 Nc6 6. Be3 Nf6 7. Be2 O-O 8. O-O d5 9. exd5 Nxd5 10. Nxd5 Qxd5 11. Bf3 Qd7 12. Nxc6 bxc6 13. c3 Rb8 14. Qc2 Qb7 15. b4 Bf5 16. Qb3 a5 17. a4 axb4 18. Rac1 bxc3 19. Qxb7 Rxb7 20. Bxc6 Rc7 21. Bb5 c2 22. f3 Bb2 23. g4 Bxc1 24. Rxc1 Be6 25. a5 Rd8 26. Be2 Rc3 27. Kf2 Bc4 28. a6 Bxe2 29. Kxe2 Ra3 30. a7 Ra2 31. g5 f6 32. f4 Kf7 33. h4 f5 34. Bb6 Rd6 35. Bc5 Re6+ 36. Kd2 Rc6 37. Bd4 Rd6 38. Kc3 Rda6 39. Rxc2 R6a3+ 40. Kd2 Rxa7 41. Bxa7 Rxa7 42. Ke3 Ra3+ 0-1


[Site "https://www.chess.com"]

[Event "Early Titled Tuesday Blitz | February 8 2022"]
[White "Fawzy, Adham"]
[Black "Shuvalova, Polina"]
[WhiteFideId "10613129"]
[BlackFideId "24171760"]
[WhiteElo "2510"]
[BlackElo "2355"]
[Result "0-1"]
[Round "06"]
[TimeControl "180+1"]
[Date "2022.02.08"]
[WhiteClock "0:00:06"]
[BlackClock "0:00:15"]

1. e4 c6 2. d4 d5 3. exd5 cxd5 4. c4 Nf6 5. Nc3 e6 6. c5 Nc6 7. Nf3 Ne4 8. Qc2 Nxc3 9. Qxc3 Be7 10. Bb5 O-O 11. O-O Qc7 12. g3 Qa5 13. Qd3 a6 14. Bxc6 bxc6 15. Bd2 Qb5 16. Qxb5 axb5 17. Ne5 Ra6 18. Nd3 Bd7 19. a3 f6 20. Rae1 Kf7 21. Re3 Ra4 22. Bc3 Bd8 23. Rfe1 Bc7 24. R3e2 g5 25. Nb4 Re8 26. Bd2 h6 27. f4 Raa8 28. Rf1 Kg6 29. Ref2 g4 30. Re2 h5 31. Nd3 Kf5 32. Kg2 Rh8 33. Nb4 h4 34. Nc2 hxg3 35. hxg3 Kg6 36. f5+ exf5 37. Re7 Rh7 38. Rfe1 Rah8 39. Rxh7 Rxh7 40. Ne3 f4 41. gxf4 Bxf4 42. Nf1 Bxd2 43. Nxd2 Bf5 44. Re8 Kg5 45. Nf1 Be4+ 46. Kf2 Kf4 47. Rg8 f5 48. Rc8 g3+ 49. Nxg3 Rh2+ 50. Kg1 Rg2+ 51. Kf1 Rxg3 52. Rxc6 Ke3 53. Re6 f4 54. c6 f3 55. Rg6 Rxg6 0-1


[Site "https://www.chess.com"]

[Event "Early Titled Tuesday Blitz | February 8 2022"]
[White "Gabrielian, Artur"]
[Black "Zhigalko, Sergei"]
[WhiteFideId "4131002"]
[BlackFideId "13502956"]
[WhiteElo "2440"]
[BlackElo "2662"]
[Result "1/2-1/2"]
[Round "06"]
[TimeControl "180+1"]
[Date "2022.02.08"]
[WhiteClock "0:00:13"]
[BlackClock "0:00:06"]

1. e4 c5 2. Nf3 Nc6 3. Bb5 Nf6 4. Nc3 Qc7 5. O-O Nd4 6. Re1 a6 7. Bf1 Ng4 8. g3 Nxf3+ 9. Qxf3 Ne5 10. Qe2 e6 11. b3 Be7 12. Bb2 d6 13. Nd1 O-O 14. Ne3 b5 15. f4 Nc6 16. c3 Bb7 17. Bg2 Rac8 18. Rac1 Qb6 19. Kh1 a5 20. Rcd1 b4 21. f5 Ba6 22. Qh5 Ne5 23. Ng4 Nxg4 24. Qxg4 exf5 25. Qxf5 Bf6 26. Ba1 Rce8 27. cxb4 Bxa1 28. bxa5 Qxa5 29. Rxa1 Qxd2 30. Rad1 Qxa2 31. Ra1 Qd2 32. Red1 Qc2 33. Rdc1 Qb2 34. Rcb1 Qc2 35. Rc1 Qe2 36. Bf1 Bc8 37. Qxf7+ Rxf7 38. Bxe2 Bb7 39. Kg1 Bxe4 40. Bc4 d5 41. Bb5 Rb8 42. Rxc5 Rfb7 43. Bc6 Rxb3 44. Bxd5+ Bxd5 45. Rxd5 h6 46. Rf1 Rb2 47. Rd7 R2b7 48. Rxb7 Rxb7 49. Kg2 Rc7 50. h4 Rd7 51. Kh3 Re7 52. Rf4 Rd7 53. Rf3 Re7 54. h5 Re5 55. g4 Re4 56. Kg3 Re5 57. Kh3 Re6 58. Kg3 Re5 59. Kh3 1/2-1/2


[Site "https://www.chess.com"]

[Event "Early Titled Tuesday Blitz | February 8 2022"]
[White "Garriga Cazorla, Pere"]
[Black "Omariev, Maksim"]
[WhiteFideId "32011601"]
[BlackFideId "4193423"]
[WhiteElo "2458"]
[BlackElo "2535"]
[Result "1-0"]
[Round "06"]
[TimeControl "180+1"]
[Date "2022.02.08"]
[WhiteClock "0:00:20"]
[BlackClock "0:00:01"]

1. d4 d5 2. c4 e6 3. Nf3 Nf6 4. Nc3 Be7 5. g3 O-O 6. Bg2 a6 7. b3 b6 8. cxd5 Nxd5 9. Nxd5 exd5 10. O-O Be6 11. Bb2 Nd7 12. Rc1 c5 13. dxc5 bxc5 14. Ne1 Nb6 15. Nd3 Rc8 16. Nf4 c4 17. Bd4 Ba3 18. Rc2 Bc5 19. Bxc5 Rxc5 20. Qd4 Rb5 21. Rc3 Qf6 22. Qxf6 gxf6 23. Rd1 Rc8 24. e3 a5 25. h4 a4 26. bxc4 Rxc4 27. Ra3 Rc2 28. Bf1 Rbb2 29. Nd3 Rxa2 30. Rxa2 Rxa2 31. Rb1 Nc4 32. Nc5 a3 33. Rb4 Rb2 34. Ra4 Rb1 35. Kg2 Bg4 36. e4 dxe4 37. Nxe4 Ne5 38. Nxf6+ Kf8 39. Nxg4 Nxg4 40. Rxa3 Rb2 41. Rf3 Ne5 42. Rf5 Ng6 43. h5 Ne7 44. Rf3 Ng8 45. Bc4 Nh6 46. Rf6 Kg7 47. Rf4 Rb4 48. g4 f6 49. f3 Nf7 50. Kg3 Ne5 51. Bd5 Rxf4 52. Kxf4 h6 53. Kf5 Nd3 54. Be4 Ne5 55. f4 Nf7 56. Ke6 Nd8+ 57. Ke7 Nf7 58. Bd5 Nh8 59. Be6 Kh7 60. Kxf6 1-0


[Site "https://www.chess.com"]

[Event "Early Titled Tuesday Blitz | February 8 2022"]
[White "Gelman, Alexander"]
[Black "Alinasab, Mobina"]
[WhiteFideId "4118316"]
[BlackFideId "12528897"]
[WhiteElo "2375"]
[BlackElo "2061"]
[Result "1-0"]
[Round "06"]
[TimeControl "180+1"]
[Date "2022.02.08"]
[WhiteClock "0:00:05"]
[BlackClock "0:00:04"]

1. d4 Nf6 2. Nc3 d5 3. Bf4 g6 4. Nb5 Na6 5. e3 c6 6. Nc3 Bg7 7. Nf3 O-O 8. Bxa6 bxa6 9. Ne5 Bb7 10. Na4 Nh5 11. Nc5 Qc8 12. g4 Nxf4 13. exf4 f6 14. Ned3 a5 15. h4 Re8 16. h5 e5 17. hxg6 hxg6 18. fxe5 fxe5 19. dxe5 Bxe5 20. Nxe5 Rxe5+ 21. Kf1 Ba6+ 22. Kg2 Be2 23. Qd4 Qxg4+ 24. Qxg4 Bxg4 25. Rae1 Rae8 26. Rxe5 Rxe5 27. Rh4 Bh5 28. Kf1 Be2+ 29. Kg2 Bd1 30. c3 Kg7 31. Rd4 Bc2 32. b3 Re2 33. Kf3 Re1 34. Ra4 Bd1+ 35. Kg2 Bc2 36. Rxa5 Re7 37. Ra6 Bf5 38. Rxc6 Kh6 39. Kg3 Kg5 40. b4 Re2 41. a4 Rc2 42. Nb3 Be4 43. Nd4 Rd2 44. f3 Bb1 45. b5 Ba2 46. a5 Bc4 47. Rc7 Rb2 48. Rb7 Ra2 49. Rxa7 Ra3 50. b6 Ra1 51. b7 Rb1 52. a6 Bxa6 53. Rxa6 Rxb7 54. Rd6 Rc7 55. Rxd5+ Kh6 56. Nb5 Rc6 57. Kf4 Rc4+ 58. Ke3 g5 59. Rd4 Rc5 60. Rb4 Kh5 61. Kd4 Rc8 62. c4 Kh4 63. c5 Kg3 64. Rb3 Kf4 65. Nd6 Rc7 66. Kd5 g4 67. fxg4 Kxg4 68. c6 Kg5 69. Rb7 1-0


[Site "https://www.chess.com"]

[Event "Early Titled Tuesday Blitz | February 8 2022"]
[White "Goldin, Roman"]
[Black "Cramling Bellon, Anna"]
[WhiteFideId "2803860"]
[BlackFideId "32009232"]
[WhiteElo "2312"]
[BlackElo "1905"]
[Result "1-0"]
[Round "06"]
[TimeControl "180+1"]
[Date "2022.02.08"]
[WhiteClock "0:00:48"]
[BlackClock "0:00:03"]

1. Nf3 d5 2. b3 c5 3. Bb2 Nc6 4. e3 d4 5. Bb5 dxe3 6. Bxc6+ bxc6 7. fxe3 Nf6 8. O-O Bg4 9. d3 e6 10. Nbd2 Be7 11. Qe1 O-O 12. Qg3 Bf5 13. Nc4 Bg6 14. Nfe5 Qd5 15. e4 Qd8 16. Nxc6 Qe8 17. Nxe7+ Qxe7 18. Bxf6 gxf6 19. Qh4 Kg7 20. e5 Qd8 21. exf6+ Kh8 22. Rf4 Rg8 23. Raf1 Qd5 24. Qf2 e5 25. Rh4 e4 26. Ne3 Qc6 27. Nf5 exd3 28. Ne7 Qe6 29. Nxg8 Rxg8 30. cxd3 Bxd3 31. Re1 Qd5 32. g3 Bg6 33. Rf4 Rd8 34. Rf3 Be4 35. Rfe3 Bf5 36. Re8+ 1-0


[Site "https://www.chess.com"]

[Event "Early Titled Tuesday Blitz | February 8 2022"]
[White "Golubka, Petro"]
[Black "Osmak, Yuliia"]
[WhiteFideId "14114224"]
[BlackFideId "14101602"]
[WhiteElo "2392"]
[BlackElo "2302"]
[Result "1-0"]
[Round "06"]
[TimeControl "180+1"]
[Date "2022.02.08"]
[WhiteClock "0:00:22"]
[BlackClock "0:00:01"]

1. c4 f5 2. Nc3 Nf6 3. Nf3 d6 4. d3 e5 5. h4 Be7 6. Bg5 Be6 7. e3 Nbd7 8. d4 e4 9. d5 Bf7 10. Nd4 g6 11. Be2 Ne5 12. Bf4 Qd7 13. Qc2 O-O-O 14. O-O-O Kb8 15. Kb1 a6 16. a3 h6 17. Ka1 Rdg8 18. Rdg1 Qc8 19. Qb3 Ka8 20. Qa4 Nfd7 21. Qc2 Nc5 22. Bxe5 dxe5 23. Nb3 g5 24. Nxc5 Bxc5 25. b4 Be7 26. c5 gxh4 27. Qa4 c6 28. dxc6 Qxc6 29. Qxc6 bxc6 30. Bxa6 Rd8 31. Rd1 Bh5 32. Be2 Bf7 33. Kb2 Kb7 34. a4 Rhg8 35. Rxd8 Rxd8 36. Kc2 Rg8 37. Rh2 Bd5 38. a5 f4 39. Nxd5 cxd5 40. a6+ Kc6 41. Kc3 fxe3 42. fxe3 Rg3 43. Kd2 Bg5 44. Rh3 Bxe3+ 45. Ke1 Rxh3 46. gxh3 Bd4 47. Kd2 e3+ 48. Kc2 e4 49. Kb3 Be5 50. Bb5+ Kc7 51. Kc2 d4 52. Bc4 d3+ 53. Bxd3 exd3+ 54. Kxd3 Bf4 55. b5 Kb8 56. b6 Ka8 57. c6 Kb8 58. Ke2 Bg3 59. Kxe3 Bd6 60. Kd4 Bh2 61. Kd5 Bg1 62. c7+ Kc8 63. a7 1-0


[Site "https://www.chess.com"]

[Event "Early Titled Tuesday Blitz | February 8 2022"]
[White "Gombocz, Ferenc Jr."]
[Black "Kiseleva, Arina"]
[WhiteFideId "775029"]
[BlackFideId "4164989"]
[WhiteElo "1913"]
[BlackElo "1866"]
[Result "1/2-1/2"]
[Round "06"]
[TimeControl "180+1"]
[Date "2022.02.08"]
[WhiteClock "0:00:04"]
[BlackClock "0:00:06"]

1. c4 Nf6 2. g3 c6 3. Bg2 d5 4. Nf3 dxc4 5. O-O Bf5 6. Na3 b5 7. b3 cxb3 8. Qxb3 e6 9. Ne5 Qb6 10. Nxb5 Nd5 11. Bxd5 exd5 12. Nc3 Bd6 13. Qxb6 axb6 14. Nf3 O-O 15. d3 Re8 16. Rb1 Nd7 17. Be3 Bc5 18. Bxc5 bxc5 19. e4 dxe4 20. dxe4 Bxe4 21. Nxe4 Rxe4 22. Rfd1 Nf6 23. Rdc1 h6 24. Rxc5 Rxa2 25. Rxc6 Ree2 26. Rf1 Ng4 27. Nd4 Red2 28. Nb3 Rdb2 29. Nc1 Ra1 30. Rc4 Nxf2 31. Rxf2 Rbb1 32. Rf1 f6 33. Rc8+ Kf7 34. Rc7+ Kg6 35. Kg2 h5 36. h4 Kh6 37. Rd1 Kg6 38. Re1 Kh6 39. Kh3 Kg6 40. Rd1 Kh6 41. Re1 Kg6 42. Rd1 Kh6 43. Re1 1/2-1/2


[Site "https://www.chess.com"]

[Event "Early Titled Tuesday Blitz | February 8 2022"]
[White "Gontcharov, Vladislav"]
[Black "Marcziter, Dmitrii"]
[WhiteFideId "4123492"]
[BlackFideId "13900765"]
[WhiteElo "2503"]
[BlackElo "2155"]
[Result "1-0"]
[Round "06"]
[TimeControl "180+1"]
[Date "2022.02.08"]
[WhiteClock "0:00:56"]
[BlackClock "0:01:04"]

1. e4 c5 2. Nf3 a6 3. d4 cxd4 4. Nxd4 Nf6 5. f3 d6 6. c4 e6 7. Nc3 Qc7 8. Be3 Be7 9. Rc1 O-O 10. Be2 b6 11. O-O Bb7 12. Qe1 Nbd7 13. b3 Rac8 14. g4 h6 15. h4 Nh7 16. Qg3 Bf6 17. g5 hxg5 18. hxg5 Be7 19. g6 fxg6 20. Nxe6 Qb8 21. Nxf8 Ndxf8 22. Nd5 Bxd5 23. cxd5 Bf6 24. Rxc8 Qxc8 25. Rc1 Qb7 26. Qxd6 b5 27. Rc7 Qa8 28. Kg2 Bd8 29. Qc6 Qb8 30. Rc8 Qe5 31. Rxd8 Ng5 32. Qc5 Nh7 33. d6 Qb2 34. Kf2 Kh8 35. d7 Qf6 36. Bg5 Qf7 37. Rxf8+ Nxf8 38. d8=Q 1-0


[Site "https://www.chess.com"]

[Event "Early Titled Tuesday Blitz | February 8 2022"]
[White "Gracia Alvarez, Gerardo Antonio"]
[Black "Williams, Simon K"]
[WhiteFideId "5109124"]
[BlackFideId "404454"]
[WhiteElo "2139"]
[BlackElo "2468"]
[Result "0-1"]
[Round "06"]
[TimeControl "180+1"]
[Date "2022.02.08"]
[WhiteClock "0:00:08"]
[BlackClock "0:00:22"]

1. e4 d6 2. d4 Nf6 3. Nc3 Nbd7 4. Nf3 e5 5. Bc4 Be7 6. O-O c6 7. a4 Qc7 8. Re1 h6 9. Ba2 Nf8 10. Be3 Rg8 11. a5 g5 12. Nd2 Ng6 13. Nf1 Nf4 14. Ng3 h5 15. Nf5 Bxf5 16. exf5 h4 17. g3 O-O-O 18. Bxf7 Rg7 19. Be6+ Kb8 20. b4 Rh8 21. b5 hxg3 22. fxg3 Rgh7 23. b6 axb6 24. axb6 Qxb6 25. h4 gxh4 26. gxf4 exf4 27. Bf2 h3 28. Kh2 Rg7 29. Rg1 Rg2+ 30. Rxg2 hxg2+ 31. Kxg2 Qd8 32. Kf3 Rh3+ 33. Ke2 Ng4 34. Qg1 Nxf2 35. Qxf2 Rxc3 36. Kd2 Rh3 37. d5 c5 38. Rb1 Qa5+ 39. Ke2 Qc3 40. Rc1 Re3+ 41. Kf1 Rf3 0-1


[Site "https://www.chess.com"]

[Event "Early Titled Tuesday Blitz | February 8 2022"]
[White "Grandelius, Nils"]
[Black "Xiong, Jeffery"]
[WhiteFideId "1710400"]
[BlackFideId "2047640"]
[WhiteElo "2617"]
[BlackElo "2727"]
[Result "1-0"]
[Round "06"]
[TimeControl "180+1"]
[Date "2022.02.08"]
[WhiteClock "0:00:15"]
[BlackClock "0:00:05"]

1. d4 Nf6 2. Nf3 d5 3. c4 dxc4 4. e3 e6 5. Bxc4 c5 6. O-O Nc6 7. Nc3 a6 8. Re1 b5 9. Bd3 Bb7 10. a4 b4 11. Ne4 cxd4 12. Nxf6+ gxf6 13. exd4 Be7 14. Bf4 Na5 15. Rc1 Rc8 16. Rxc8 Qxc8 17. Bg3 Bd5 18. Qe2 Qa8 19. Bxa6 O-O 20. Bd3 Rc8 21. Qe3 Bf8 22. Qf4 Bg7 23. Bh4 Qb8 24. Qg4 f5 25. Qh5 Qc7 26. Bg3 Qe7 27. Bxf5 Bxf3 28. Bxh7+ Kf8 29. Qxf3 Bxd4 30. b3 Rc3 31. Qa8+ Kg7 32. Qg8+ 1-0


[Site "https://www.chess.com"]

[Event "Early Titled Tuesday Blitz | February 8 2022"]
[White "Grischuk, Alexander"]
[Black "Seo, Jung Min"]
[WhiteFideId "4126025"]
[BlackFideId "1734687"]
[WhiteElo "2762"]
[BlackElo "2401"]
[Result "0-1"]
[Round "06"]
[TimeControl "180+1"]
[Date "2022.02.08"]
[WhiteClock "0:00:01"]
[BlackClock "0:00:03"]

1. e4 e5 2. Nf3 Nf6 3. Nxe5 d6 4. Nf3 Nxe4 5. Bd3 d5 6. Qe2 Qe7 7. O-O Nc5 8. Re1 Qxe2 9. Bxe2 Be7 10. d4 Ne4 11. c4 c6 12. Bd3 O-O 13. Bxe4 dxe4 14. Rxe4 Bd6 15. Nc3 Bf5 16. Re1 Nd7 17. Bg5 Rfe8 18. a3 f6 19. Bh4 Bf8 20. Bg3 Nb6 21. b3 Bc2 22. c5 Nd5 23. Nxd5 cxd5 24. b4 Bd3 25. Nd2 Rxe1+ 26. Rxe1 a5 27. h3 axb4 28. axb4 Ra2 29. Nb3 Rb2 30. Na5 Rxb4 31. Re8 Kf7 32. Rb8 Ba6 33. c6 b6 34. Nb7 Rxd4 35. Ra8 Bb5 36. c7 Bd7 37. c8=Q Bxc8 38. Rxc8 Rd1+ 39. Kh2 d4 40. Nd8+ Kg6 41. Ne6 Bb4 42. Rd8 Bc3 43. Rd7 b5 44. Bc7 Kf5 45. Nxg7+ Ke4 46. f3+ Kd3 47. Nf5 b4 48. Bb6 Kc4 49. Nd6+ Kd5 50. Ne4+ Kc4 51. Nd6+ Kd5 52. Ne4+ Kc4 53. Rc7+ Kb5 54. Bc5 b3 55. Rb7+ Kc4 56. Ba3 Ra1 57. Rc7+ Kd3 58. Nc5+ Kc2 59. Nxb3 Kxb3 60. Bc5 Ra4 61. Bxd4 Bxd4 62. Rxh7 Be5+ 63. Kg1 Bg3 64. Kf1 Ra2 0-1


[Site "https://www.chess.com"]

[Event "Early Titled Tuesday Blitz | February 8 2022"]
[White "Guliyev, Namig"]
[Black "Shevchenko, Kirill"]
[WhiteFideId "13400363"]
[BlackFideId "14129574"]
[WhiteElo "2487"]
[BlackElo "2624"]
[Result "0-1"]
[Round "06"]
[TimeControl "180+1"]
[Date "2022.02.08"]
[WhiteClock "0:00:41"]
[BlackClock "0:00:49"]

1. e4 c5 2. Nf3 Nc6 3. d4 cxd4 4. Nxd4 Nf6 5. Nc3 d6 6. Be2 e5 7. Nf3 h6 8. O-O Be7 9. Bc4 Be6 10. Bb3 O-O 11. Re1 Rc8 12. h3 Na5 13. Nd2 a6 14. Nf1 b5 15. a3 Nxb3 16. cxb3 d5 17. exd5 Nxd5 18. Nxd5 Bxd5 19. Rxe5 Be6 20. Bf4 Bf6 21. Re2 Qxd1 22. Rxd1 Bxb3 23. Rd6 a5 24. Ne3 Rfe8 25. Red2 Re4 26. Bxh6 Rc1+ 27. Nf1 Ree1 28. Rd8+ Kh7 0-1


[Site "https://www.chess.com"]

[Event "Early Titled Tuesday Blitz | February 8 2022"]
[White "Gupta, Abhijeet"]
[Black "Khoroshev, Nikita"]
[WhiteFideId "5010608"]
[BlackFideId "14200287"]
[WhiteElo "2549"]
[BlackElo "2354"]
[Result "1-0"]
[Round "06"]
[TimeControl "180+1"]
[Date "2022.02.08"]
[WhiteClock "0:00:21"]
[BlackClock "0:00:08"]

1. Nf3 Nf6 2. c4 e6 3. g3 d5 4. Bg2 Nc6 5. O-O Bd6 6. d4 O-O 7. Nc3 dxc4 8. Bg5 h6 9. Bxf6 Qxf6 10. e3 e5 11. d5 Ne7 12. Nd2 a6 13. Nxc4 b5 14. Nxd6 cxd6 15. a4 b4 16. Ne4 Qg6 17. a5 Bf5 18. Nd2 Bc2 19. Qf3 Qd3 20. Ne4 Qxe4 21. Qxe4 Bxe4 22. Bxe4 f5 23. Bd3 e4 24. Be2 Kf7 25. Rfd1 Kf6 26. Rd4 b3 27. Ra3 Rfb8 28. Bc4 Ke5 29. Rd2 Rb4 30. Rd4 g5 31. Bxa6 Rxd4 32. exd4+ Kxd4 33. Bb7 Ra7 34. a6 Nxd5 35. Ra4+ Kd3 36. Bxd5 Kc2 37. Ra3 f4 38. Rxb3 Rxa6 39. Ra3 Rb6 40. Bxe4+ Kxb2 41. Rd3 Rb4 42. f3 Rc4 43. Kg2 Rc2+ 44. Kh3 Rf2 45. gxf4 gxf4 46. Rxd6 h5 47. Rd5 Kc3 48. Rxh5 Kd4 49. Rd5+ Ke3 50. Rd3+ Ke2 51. Ra3 Ke1 52. Ra1+ Kd2 53. Ra2+ Ke3 54. Rxf2 Kxf2 55. Kg4 1-0


[Site "https://www.chess.com"]

[Event "Early Titled Tuesday Blitz | February 8 2022"]
[White "Gurevich, Dmitry"]
[Black "Moskvin, Anatoly"]
[WhiteFideId "2000407"]
[BlackFideId "24199990"]
[WhiteElo "2506"]
[BlackElo "2079"]
[Result "1-0"]
[Round "06"]
[TimeControl "180+1"]
[Date "2022.02.08"]
[WhiteClock "0:00:11"]
[BlackClock "0:00:13"]

1. d4 Nf6 2. c4 c5 3. Nf3 cxd4 4. Nxd4 e5 5. Nb5 d5 6. cxd5 Bc5 7. N5c3 O-O 8. g3 e4 9. Bg2 Bf5 10. O-O Re8 11. Bg5 h6 12. Bxf6 Qxf6 13. Nd2 e3 14. fxe3 Bxe3+ 15. Kh1 Qg6 16. Nc4 Nd7 17. Nxe3 Rxe3 18. Qd4 Rae8 19. d6 Qh5 20. Nd5 R3e4 21. Ne7+ R8xe7 22. dxe7 Rxd4 23. e8=Q+ Kh7 24. Rad1 Rxd1 25. Rxd1 Nf6 26. Qe3 Qxh2+ 27. Kxh2 Ng4+ 28. Kg1 Nxe3 29. Rd4 Nxg2 30. Kxg2 Be6 31. a3 Kg6 32. Kf3 Kf6 33. Rd8 Ke5 34. e4 h5 35. Rb8 f5 36. Rxb7 fxe4+ 37. Ke3 g5 38. Rxa7 h4 39. gxh4 gxh4 40. Rh7 h3 41. Rh5+ Bf5 42. a4 Kf6 43. a5 Bg4 44. Rh8 Kg5 45. a6 Bh5 46. a7 h2 47. Rxh5+ 1-0


[Site "https://www.chess.com"]

[Event "Early Titled Tuesday Blitz | February 8 2022"]
[White "Guseva, Marina"]
[Black "Zaichenko, Daria"]
[WhiteFideId "4149351"]
[BlackFideId "4197453"]
[WhiteElo "2232"]
[BlackElo "2039"]
[Result "1-0"]
[Round "06"]
[TimeControl "180+1"]
[Date "2022.02.08"]
[WhiteClock "0:00:10"]
[BlackClock "0:00:01"]

1. d4 d5 2. c4 e6 3. Nc3 Be7 4. e3 Nf6 5. Bd3 O-O 6. Nf3 c5 7. O-O Nc6 8. a3 cxd4 9. exd4 dxc4 10. Bxc4 Nd5 11. Qe2 b6 12. Ne4 Bb7 13. Bg5 Bxg5 14. Nexg5 Nxd4 15. Nxd4 Qxg5 16. Nf3 Qg4 17. h3 Qg6 18. Ne5 Qh6 19. Bxd5 Bxd5 20. Ng4 Qg6 21. Ne3 Qe4 22. Rfd1 Rad8 23. Rd2 f5 24. Rad1 f4 25. Nxd5 Qxe2 26. Rxe2 exd5 27. Re5 d4 28. Re4 d3 29. Kf1 Rf7 30. Rc4 g5 31. Rc3 Rfd7 32. f3 Kf7 33. Rd2 h6 34. Ke1 Kf6 35. Kd1 Kf5 36. Rf2 Rd5 37. Kd2 Rb5 38. b3 Rbd5 39. Rf1 R8d7 40. Re1 Rd8 41. Re7 R5d7 42. Re4 h5 43. b4 g4 44. hxg4+ hxg4 45. Rcc4 gxf3 46. Rxf4+ Kg5 47. gxf3 Re7 48. Rg4+ Kh5 49. Rge4 1-0


[Site "https://www.chess.com"]

[Event "Early Titled Tuesday Blitz | February 8 2022"]
[White "Hakobyan, Aram"]
[Black "Costachi, Mihnea"]
[WhiteFideId "13306677"]
[BlackFideId "1217518"]
[WhiteElo "2557"]
[BlackElo "2464"]
[Result "0-1"]
[Round "06"]
[TimeControl "180+1"]
[Date "2022.02.08"]
[WhiteClock "0:01:15"]
[BlackClock "0:00:27"]

1. b3 d5 2. Bb2 Nc6 3. Nf3 Bf5 4. e3 Nf6 5. Bb5 a6 6. Bxc6+ bxc6 7. d3 e6 8. Nbd2 Be7 9. Qe2 O-O 10. h3 h6 11. g4 Bg6 12. Ne5 c5 13. h4 Nd7 14. Nc6 Qe8 15. h5 Bh7 16. f4 Bf6 17. Bxf6 gxf6 18. e4 Nb6 19. Na5 Qb5 20. Nb7 Nd7 21. g5 fxg5 22. fxg5 hxg5 23. Qg4 Qxb7 24. Qxg5+ Kh8 25. O-O-O Qb4 26. Nf3 Qc3 27. e5 Rg8 28. Qf4 Rg2 29. Nd2 Bxd3 30. Qh6+ Bh7 0-1


[Site "https://www.chess.com"]

[Event "Early Titled Tuesday Blitz | February 8 2022"]
[White "Hansen, Eric"]
[Black "Saravana, Krishnan P."]
[WhiteFideId "2606771"]
[BlackFideId "5018382"]
[WhiteElo "2973"]
[BlackElo "2611"]
[Result "1/2-1/2"]
[Round "06"]
[TimeControl "180+1"]
[Date "2022.02.08"]
[WhiteClock "0:00:08"]
[BlackClock "0:00:21"]

1. e4 e6 2. Nc3 d5 3. Nf3 Nf6 4. exd5 exd5 5. d4 c5 6. Bb5+ Nc6 7. O-O Be7 8. Re1 O-O 9. Be3 c4 10. Bxc6 bxc6 11. Ne5 Qc7 12. b3 Bb4 13. Bd2 cxb3 14. axb3 Bf5 15. Qf3 Bg6 16. Nb5 cxb5 17. Bxb4 Rfe8 18. Nxg6 hxg6 19. Rxe8+ Rxe8 20. Bc5 Ne4 21. b4 a5 22. bxa5 Nxc5 23. dxc5 Qxa5 24. Rf1 Qd2 25. Qb3 b4 26. g3 Rc8 27. Rb1 Rxc5 28. Qxb4 Rxc2 29. Qxd2 Rxd2 30. Rb8+ Kh7 31. h4 Rd1+ 32. Kg2 f6 33. Rd8 Rd2 34. Kf3 d4 35. Rd5 Kg8 36. Rd7 Kf8 37. Kg2 d3 38. Kf3 Rd1 39. Ke3 Re1+ 40. Kf3 Rd1 41. Ke3 Re1+ 42. Kf3 Rd1 1/2-1/2


[Site "https://www.chess.com"]

[Event "Early Titled Tuesday Blitz | February 8 2022"]
[White "Harshavardhan G B"]
[Black "Sahil, Tickoo"]
[WhiteFideId "25059009"]
[BlackFideId "5019710"]
[WhiteElo "1831"]
[BlackElo "2099"]
[Result "1-0"]
[Round "06"]
[TimeControl "180+1"]
[Date "2022.02.08"]
[WhiteClock "0:01:19"]
[BlackClock "0:00:06"]

1. e4 c5 2. Nf3 d6 3. d4 cxd4 4. Nxd4 Nf6 5. Nc3 a6 6. Qf3 Qc7 7. h3 e6 8. Be3 Nc6 9. g4 Be7 10. g5 Ne5 11. Qg2 Nfd7 12. O-O-O b5 13. f4 Nc4 14. Bxc4 bxc4 15. f5 Ne5 16. g6 hxg6 17. fxe6 Bxe6 18. Bf4 Rh6 19. Nf5 gxf5 20. exf5 Rf6 21. Qxa8+ Bc8 22. Nd5 Qd8 23. Bxe5 1-0


[Site "https://www.chess.com"]

[Event "Early Titled Tuesday Blitz | February 8 2022"]
[White "Hartikainen, Jarmo"]
[Black "Mejia, Cherry Ann"]
[WhiteFideId "503134"]
[BlackFideId "5206880"]
[WhiteElo "2104"]
[BlackElo "2007"]
[Result "0-1"]
[Round "06"]
[TimeControl "180+1"]
[Date "2022.02.08"]
[WhiteClock "0:00:51"]
[BlackClock "0:02:26"]

1. e4 c5 2. Nf3 Nc6 3. d4 cxd4 4. Nxd4 Qb6 5. Nb3 Nf6 6. Be3 Qc7 7. Nc3 e6 8. Be2 a6 9. a4 b6 10. O-O Bb7 11. f3 d6 12. Qe1 Be7 13. Qf2 Nd7 14. Rfd1 O-O 15. Rd2 Rac8 16. Rad1 Rfe8 17. f4 Bf8 18. e5 d5 19. Bd3 Nb4 20. Bd4 Nc5 21. Qh4 Nbxd3 22. cxd3 Nxb3 23. Rf2 Nxd4 0-1


[Site "https://www.chess.com"]

[Event "Early Titled Tuesday Blitz | February 8 2022"]
[White "Heinemann, Josefine"]
[Black "Kouskoutis, Georgios-Alexandros"]
[WhiteFideId "12900460"]
[BlackFideId "4234049"]
[WhiteElo "2300"]
[BlackElo "2130"]
[Result "0-1"]
[Round "06"]
[TimeControl "180+1"]
[Date "2022.02.08"]
[WhiteClock "0:00:18"]
[BlackClock "0:01:14"]

1. Nf3 d5 2. g3 Nf6 3. Bg2 Bf5 4. O-O e6 5. d3 h6 6. Nbd2 c6 7. c4 Nbd7 8. Qc2 Be7 9. b3 O-O 10. Bb2 a5 11. Ne5 Nxe5 12. Bxe5 Nd7 13. Bb2 Bf6 14. e4 dxe4 15. dxe4 Bh7 16. Rad1 Bxb2 17. Qxb2 Qf6 18. Qa3 Rfd8 19. Kh1 Ne5 20. f4 Ng4 21. e5 Qg6 22. Nf3 Rxd1 23. Rxd1 Nf2+ 0-1


[Site "https://www.chess.com"]